AoeStats
← posteau.w

Hideout

508734009Analyzed
1v1 RM · 7d ago on Sep 23, 2026· 32m 9s· 2 players
Game mode
Random Map
Map size
Tiny (2 player)
Population
200
Speed
Normal
Resources
Standard
Victory
Conquest
Starting age
Dark Age
Ending age
Imperial Age
RankedLock teamsTeams togetherTeam positionsShared explorationLock speedFull tech treeHidden civsTurbo modeCheats
Victory
Defeat
🇪🇸 Khmer · Spain
747
+14
🇧🇪 Spanish · Belgium
703
-14
posteau.w
9:26 Feudal Age
10:39 Double-Bit Axe
11:14 Horse Collar
13:15 Man-at-Arms
19:21 Arson
22:51 Castle Age
21:22 Forging
23:45 Bow Saw
23:38 Heavy Plow
24:01 Stone Mining
25:31 Stone Shaft Mining
26:38 Gold Mining
Semicalvo
3:01 Loom
9:38 Feudal Age
10:44 Double-Bit Axe
14:30 Fletching
15:40 Forging
17:59 Horse Collar
21:55 Castle Age
20:27 Padded Archer Armor
20:46 Gold Mining
20:56 Stone Mining
22:04 Crossbowman
22:48 Bodkin Arrow
28:23 Bow Saw
32:58 Imperial Age
30:19 Town Watch
31:15 Leather Archer Armor
Connection lost

Rejoining the realm…

Still unreachable

The connection could not be restored.

Session expired

The server has moved on; the page needs a fresh start.